 Dungeon Crawl Stone Soup version 0.21.0-3-g78d12a8 (webtiles) character file.

30216 theanonym the Destroyer (level 13, -5/92 HPs)
             Began as an Octopode Fire Elementalist on Jan 10, 2018.
             Was a High Priest of Vehumet.
             Shot with an arrow by a centaur warrior (9 damage)
             ... on level 13 of the Dungeon.
             The game lasted 01:33:11 (23036 turns).

theanonym the Destroyer (OpFE)                     Turns: 23036, Time: 01:33:12

Health: -5/92      AC:  3    Str:  7    XL:     13   Next: 50%
Magic:  9/34       EV: 19    Int: 22    God:    Vehumet [*****.]
Gold:   990        SH:  0    Dex: 13    Spells: 10/28 levels left

rFire    + + .     SeeInvis .   T - staff of fire (curse) {rF+}
rCold    . . .     Gourm    .   (no shield)
rNeg     . . .     Faith    .   C - +2 hat
rPois    +         Spirit   .   p - amulet of regeneration {Regen+}
rElec    .         Reflect  .   n - ring of wizardry {Wiz}
rCorr    .         Harm     .   o - ring of poison resistance {rPoisrPois}
MR       +....                  z - ring of protection from fire {rF+}
Stlth    +++.......             a - ring of magical power {MP+9}
HPRegen  0.65/turn              S - ring of protection from magic {MR+}
MPRegen  0.24/turn              (no ring)
                                (no ring)
                                (no ring)

@: very slightly contaminated
A: almost no armour, stealthy swim, amphibious, 8 rings, constrict 8, camouflage
1, gelatinous body 1
a: Renounce Religion


Innate Abilities, Weirdness & Mutations

You cannot wear most types of armour.
You are very stealthy in the water. (Stealth+)
You are amphibious.
You can wear up to eight rings at the same time.
You can use your tentacles to constrict eight enemies at once.
Your skin changes colour to match your surroundings (Stealth+).
Your rubbery body absorbs attacks. (AC +1, EV +1)


   Skills:
 - Level 10.0 Fighting
 + Level 10.2 Dodging
 - Level 2.6 Stealth
 - Level 8.0 Spellcasting
 + Level 11.4 Conjurations
 + Level 11.4 Fire Magic


You had 10 spell levels left.
You knew the following spells:

 Your Spells              Type           Power        Failure   Level  Hunger
a - Flame Tongue          Conj/Fire      #####        1%          1    None
b - Conjure Flame         Conj/Fire      ######..     1%          3    None
c - Sticky Flame          Conj/Fire      ######..     1%          4    ###....
d - Animate Skeleton      Necr           N/A          3%          1    None
e - Mephitic Cloud        Conj/Pois/Air  ####....     1%          3    None
f - Fireball              Conj/Fire      ######....   1%          5    #####..
q - Apportation           Tloc           #.....       3%          1    None

Skill      XL: |  1  2  3  4  5  6  7  8  9 10 11 12 13 |
---------------+----------------------------------------+-----
Conjurations   | 2 3 4 5 7 8 9 10 11 | 11.4
Spellcasting   | 3 4 5 6 7 8 |  8.0
Fire Magic     | 4 5 7 8 9 10 11 | 11.4
Dodging        | 4 6 8 10 | 10.2
Fighting       | 2 5 7 9 10 | 10.0
Stealth        | |  2.6

Action                   |  1- 3 |  4- 6 |  7- 9 | 10-12 | 13-15 || total
-------------------------+-------+-------+-------+-------+-------++-------
Melee: Whip              |    33 |    11 |    63 |    99 |     8 ||   214
       Constrict         |    11 |     4 |    11 |    14 |     5 ||    45
       Tentacles         |     4 |     3 |     3 |    19 |     5 ||    34
       Unarmed           |       |       |       |     4 |       ||     4
       Staff             |       |       |       |       |     7 ||     7
       Hand axe          |       |       |       |       |     5 ||     5
Throw: Throwing net      |       |       |     1 |     1 |       ||     2
 Cast: Flame Tongue      |    37 |   101 |    96 |   133 |    10 ||   377
       Conjure Flame     |       |    12 |    10 |    12 |       ||    34
       Fireball          |       |       |    40 |   198 |    58 ||   296
       Sticky Flame      |       |       |     8 |    24 |     5 ||    37
       Animate Skeleton  |       |       |       |    14 |    20 ||    34
       Mephitic Cloud    |       |       |       |     7 |    12 ||    19
Evoke: Wand              |       |     7 |    12 |    25 |     4 ||    48
  Use: Scroll            |       |     7 |     5 |     6 |     6 ||    24
       Potion            |       |       |     2 |     2 |     2 ||     6
 Stab: Sleeping          |     2 |       |     2 |       |       ||     4
       Paralysed         |       |       |     9 |    18 |       ||    27
       Confused          |       |       |       |     1 |     1 ||     2
       Distracted        |       |       |       |     1 |       ||     1
  Eat: Chunk             |     2 |     6 |    14 |    43 |    14 ||    79
       Ration            |       |     1 |     6 |    13 |     2 ||    22
Armor: Skin              |     3 |       |     9 |    16 |     2 ||    30
Dodge: Dodged            |    36 |    13 |    64 |    93 |    30 ||   236

Inventory:

Hand Weapons
 d - a +1 whip of electrocution
   (You found it on level 1 of the Dungeon)
 i - a +2 quarterstaff of chaos
   (You took it off Crazy Yiuf on level 5 of the Dungeon)
 m - a +0 hunting sling
   (You took it off a goblin on level 3 of the Dungeon)
 D - the +3 hand axe "Goulato" {chop, Dex+6}
   (You found it on level 7 of the Dungeon)

   It inflicts extra damage upon your enemies.
   It affects your dexterity (+6).
 E - a +0 dagger of distortion
   (You took it off Psyche on level 8 of the Dungeon)
 J - a +0 rapier of venom
   (You found it on level 8 of the Dungeon)
 K - a +3 short sword of flaming
   (You found it on level 8 of the Dungeon)
Missiles
 I - 48 sling bullets
Armour
 C - a +2 hat (worn)
   (You found it on level 6 of the Dungeon)
Magical Staves
 T - a cursed staff of fire (weapon) {rF+}
   (You took it off a centaur warrior on level 13 of the Dungeon)
Jewellery
 a - a ring of magical power (on tentacle) {MP+9}
   (You found it on level 8 of the Dungeon)
 n - a ring of wizardry (left tentacle) {Wiz}
   (You found it on level 2 of the Dungeon)
 o - a ring of poison resistance (right tentacle) {rPoisrPois}
   (You found it on level 2 of the Dungeon)
 p - an amulet of regeneration (around mantle) {Regen+}
   (You found it on level 4 of the Dungeon)
 z - a ring of protection from fire (on tentacle) {rF+}
   (You took it off an orc on level 7 of the Dungeon)
 L - an uncursed ring of ice {rC+ rF-}
   (You took it off Fannar on level 10 of the Dungeon)
 S - a ring of protection from magic (on tentacle) {MR+}
   (You found it on level 12 of the Dungeon)
Wands
 s - a wand of random effects (18)
   (You took it off Robin on level 3 of the Dungeon)
 v - a wand of acid (6)
   (You found it on level 12 of the Dungeon)
 B - a wand of flame (24)
   (You found it on level 10 of the Dungeon)
 O - a wand of iceblast (3)
   (You found it on level 12 of the Dungeon)
 V - a wand of polymorph (8)
   (You bought it in a shop on level 2 of the Orcish Mines)
Scrolls
 b - a scroll of blinking
 f - 2 scrolls of fog
 g - 7 scrolls of enchant armour
 h - 10 scrolls of remove curse
 t - 6 scrolls of teleportation {!r}
 x - 4 scrolls of amnesia
 y - 4 scrolls of magic mapping
 N - 2 scrolls of immolation
 Q - a scroll of enchant weapon
 U - a scroll of summoning
Potions
 c - 8 potions of might
 j - 4 potions of ambrosia
 k - 8 potions of brilliance
 l - 5 potions of lignification
 q - 4 potions of heal wounds
 r - a potion of resistance {unknown}
 w - 11 potions of curing
 A - a potion of invisibility
 F - a potion of cancellation {unknown}
 G - a potion of degeneration {unknown}
 H - a potion of experience {unknown}
Books
 u - a book of Changes
   (You found it on level 12 of the Dungeon)
 M - a book of Callings
   (You found it on level 12 of the Dungeon)
 P - a book of Cantrips
   (You found it on level 10 of the Dungeon)
Comestibles
 e - 9 rations


You were on level 13 of the Dungeon.
You worshipped Vehumet.
Vehumet was extremely pleased with you.
You were very hungry.

You visited 4 branches of the dungeon, and saw 17 of its levels.

You collected 2100 gold pieces.
You spent 1110 gold pieces at shops.

Dungeon Overview and Level Annotations

Branches:
Dungeon (13/15)            Temple (1/1) D:7            Lair (1/6) D:11
    Orc (2/2) D:10            Elf (0/3) Orc:2
 Vaults: D:13-14

Altars:
Ashenzari
Cheibriados
Elyvilon
Fedhas
Hepliaklqana
Nemelex Xobeh
Okawaru
Qazlal
Ru
Sif Muna
Trog
Uskayaw
Vehumet
Wu Jian
Yredelemnul
Zin

Shops:
Orc:1 %   Orc:2 *[?[

Annotations:
D:8 2 transporters
Orc:1 dig, 1 exclusion

.....###......#.....###
......Z..)........>...#
#######...#...........#
#...###..#.#.######
#...'.#...........#
#...#.#...#..####.#
#####.##.##..####.# ...
###.[........##.# ..)
#.....(##@.#.##.# ...##
#.......#..#.##.# ...†#
<#.......#....##.#
c...##.#......)##.##...#
.......#.......)#.##.###
#...(.#.............#
#.c####......#.#c####
#Y.†(.(......#...#
#'#####......##..#


You could see a centaur warrior.

Notes
Turn   | Place    | Note
-------+----------+-------------------------------------------
     0 | D:1      | theanonym the Octopode Fire Elementalist began the quest for the Orb.
     0 | D:1      | Reached XP level 1. HP: 11/11 MP: 3/3
    66 | D:1      | HP: 5/11 [hobgoblin (2)]
    89 | D:1      | Reached XP level 2. HP: 8/17 MP: 0/5
    92 | D:1      | HP: 8/17 [bat (1)]
   560 | D:1      | Reached skill level 2 in Conjurations
   629 | D:1      | Reached XP level 3. HP: 21/21 MP: 3/6
   916 | D:2      | Learned a level 3 spell: Conjure Flame
  1357 | D:2      | Noticed a bullfrog
  1374 | D:2      | Killed a bullfrog
  1374 | D:2      | Reached skill level 3 in Conjurations
  1374 | D:2      | Reached XP level 4. HP: 23/27 MP: 2/8
  1374 | D:2      | Reached XP level 5. HP: 26/31 MP: 2/9
  1568 | D:2      | Learned a level 4 spell: Sticky Flame
  1937 | D:3      | Reached skill level 3 in Spellcasting
  2038 | D:3      | Noticed Robin
  2231 | D:3      | Killed Robin
  2404 | D:3      | Reached skill level 4 in Fire Magic
  3001 | D:4      | Reached skill level 4 in Conjurations
  3068 | D:4      | Reached XP level 6. HP: 36/36 MP: 1/10
  3179 | D:4      | Found a white marble altar of Elyvilon.
  3924 | D:4      | Noticed Sigmund
  4062 | D:4      | Noticed feelmyfire's ghost (amateur DgTm)
  4070 | D:4      | Reached XP level 7. HP: 30/41 MP: 4/12
  4088 | D:3      | Learned a level 5 spell: Fireball
  4357 | D:4      | Reached skill level 4 in Spellcasting
  4473 | D:4      | Reached skill level 5 in Fire Magic
  4581 | D:4      | Noticed Edmund
  4682 | D:4      | Reached skill level 5 in Conjurations
  4749 | D:4      | Killed feelmyfire's ghost
  4832 | D:4      | Killed Sigmund
  4832 | D:4      | Reached XP level 8. HP: 46/46 MP: 13/15
  4944 | D:4      | Killed Edmund
  5004 | D:4      | Found a white marble altar of Elyvilon.
  5451 | D:5      | Entered Level 5 of the Dungeon
  5451 | D:5      | Noticed Duvessa
  5451 | D:5      | Noticed Dowan
  5451 | D:5      | Noticed Menkaure
  5454 | D:5      | Killed Duvessa
  5454 | D:5      | Reached skill level 5 in Spellcasting
  5454 | D:5      | Reached skill level 6 in Conjurations
  5454 | D:5      | Reached skill level 6 in Fire Magic
  5454 | D:5      | Killed Dowan
  5666 | D:5      | Noticed Prince Ribbit
  5827 | D:4      | Killed Prince Ribbit
  6050 | D:5      | HP: 21/46 [orc/whip of electrocution (14)]
  6054 | D:4      | HP: 8/46 [orc/club (7)]
  6055 | D:4      | HP: 3/46 [orc/club (6)]
  6358 | D:5      | Found a hazy altar of Hepliaklqana.
  6419 | D:5      | Reached skill level 7 in Conjurations
  6419 | D:5      | Reached skill level 7 in Fire Magic
  6780 | D:5      | Reached XP level 9. HP: 51/51 MP: 0/16
  6964 | D:5      | Found a runed door.
  7190 | D:5      | Noticed Crazy Yiuf
  7193 | D:5      | Killed Crazy Yiuf
  7516 | D:5      | Found a hazy altar of Hepliaklqana.
  7827 | D:6      | Found an ornate altar of the Wu Jian Council.
  7883 | D:6      | Noticed theanonym's ghost (novice OpFE)
  8047 | D:6      | HP: 24/51 [phantom (8)]
  8380 | D:6      | Reached skill level 3 in Dodging
  8596 | D:6      | Found a bloodstained altar of Trog.
  8980 | D:7      | Reached skill level 8 in Conjurations
  9083 | D:7      | Got a translucent hand axe
  9084 | D:7      | Found a hide-covered altar of Uskayaw.
  9126 | D:7      | Reached skill level 8 in Fire Magic
  9345 | D:7      | Found a staircase to the Ecumenical Temple.
  9357 | Temple   | Entered the Ecumenical Temple
  9526 | Temple   | Became a worshipper of Vehumet
  9761 | D:7      | Reached skill level 1 in Fighting
  9871 | D:7      | Reached skill level 4 in Dodging
 10187 | D:7      | Reached skill level 2 in Fighting
 10282 | D:7      | Found a sacrificial altar of Ru.
 10313 | D:7      | Reached * piety under Vehumet
 10313 | D:7      | Offered knowledge of Freeze by Vehumet.
 10764 | D:8      | Reached XP level 10. HP: 61/61 MP: 17/17
 10910 | D:8      | Found a shattered altar of Ashenzari.
 10976 | D:8      | Noticed an ogre mage
 10977 | D:8      | Found a stormy altar of Qazlal.
 10983 | D:8      | Found a transporter.
 10985 | D:8      | Found the +3 giant club "Skullcrusher" {speed, Str+7}
 11017 | D:8      | Found a transporter.
 11262 | D:8      | Reached skill level 3 in Fighting
 11267 | D:8      | Noticed Psyche
 11299 | D:8      | Killed Psyche
 11299 | D:8      | Reached skill level 5 in Dodging
 11506 | D:8      | Noticed Pikel
 11516 | D:8      | Killed Pikel
 11516 | D:8      | Reached skill level 9 in Conjurations
 11516 | D:8      | Reached skill level 9 in Fire Magic
 11655 | D:8      | Killed Menkaure
 12196 | D:8      | Reached skill level 4 in Fighting
 12202 | D:8      | Noticed a three-headed hydra
 12385 | D:8      | HP: 25/64 [three-headed hydra (8)]
 12387 | D:8      | Killed a three-headed hydra
 12387 | D:8      | Reached skill level 6 in Dodging
 13310 | D:10     | Entered Level 10 of the Dungeon
 13320 | D:10     | Noticed Fannar
 13330 | D:10     | Killed Fannar
 13330 | D:10     | Reached skill level 5 in Fighting
 13330 | D:10     | Reached XP level 11. HP: 72/72 MP: 8/18
 13500 | D:10     | Noticed Urug
 13745 | D:10     | oplop: едрить ты там орбов натаскал
 13753 | D:10     | theanonym: Я ивана вместо тебя пихнул
 13753 | D:10     | theanonym: Тебя не было долго
 13753 | D:10     | oplop: а, нуок
 14198 | D:10     | Found a staircase to the Orcish Mines.
 14404 | D:10     | Killed Urug
 14404 | D:10     | Reached skill level 7 in Dodging
 14404 | D:10     | Reached skill level 10 in Conjurations
 14404 | D:10     | Reached skill level 10 in Fire Magic
 14416 | D:10     | Learned a level 1 spell: Apportation
 14579 | Orc:1    | Entered Level 1 of the Orcish Mines
 14794 | Orc:1    | Offered knowledge of Sandblast by Vehumet.
 14893 | Orc:1    | Noticed an orc knight
 14953 | Orc:1    | Killed an orc knight
 14953 | Orc:1    | Reached skill level 6 in Fighting
 15111 | Orc:1    | Reached ** piety under Vehumet
 15572 | Orc:1    | Found Heimussi's Food Shop.
 15825 | Orc:1    | Noticed a wolf spider
 15911 | Orc:1    | Learned a level 1 spell: Animate Skeleton
 16037 | D:6      | Killed theanonym's ghost
 16323 | D:11     | Reached skill level 8 in Dodging
 16452 | D:11     | Reached skill level 7 in Fighting
 16627 | D:11     | Offered knowledge of Throw Frost by Vehumet.
 16684 | D:11     | Noticed a four-headed hydra
 16828 | D:11     | Killed a four-headed hydra
 17010 | D:11     | Reached *** piety under Vehumet
 17037 | D:11     | Reached skill level 6 in Spellcasting
 17258 | D:11     | Reached XP level 12. HP: 82/82 MP: 18/21
 17398 | D:11     | Found a staircase to the Lair.
 17438 | D:11     | Reached skill level 9 in Dodging
 17451 | D:11     | Reached skill level 8 in Fighting
 17760 | D:12     | Offered knowledge of Mephitic Cloud by Vehumet.
 17774 | D:11     | Learned a level 3 spell: Mephitic Cloud
 18144 | D:12     | Noticed a two-headed ogre
 18148 | D:12     | Killed a two-headed ogre
 18715 | D:12     | Reached skill level 7 in Spellcasting
 18917 | D:12     | Noticed a two-headed ogre
 18975 | D:12     | Killed a two-headed ogre
 18976 | D:12     | Noticed Haldmier's ghost (journeyman HaFE)
 19029 | D:12     | Killed Haldmier's ghost
 19354 | D:12     | Reached **** piety under Vehumet
 19354 | D:12     | Reached skill level 9 in Fighting
 19762 | D:12     | Noticed a seven-headed hydra
 19765 | D:12     | Killed a seven-headed hydra
 19978 | Lair:1   | Entered Level 1 of the Lair of Beasts
 19980 | Lair:1   | Offered knowledge of Bolt of Magma by Vehumet.
 19985 | Lair:1   | Reached skill level 10 in Dodging
 20167 | Lair:1   | HP: 30/85 [rime drake/flash freeze (23)]
 20169 | Lair:1   | Noticed a five-headed hydra
 20349 | Orc:2    | Entered Level 2 of the Orcish Mines
 20362 | Orc:2    | Found a staircase to the Elven Halls.
 20729 | Orc:2    | Reached XP level 13. HP: 90/90 MP: 1/23
 21612 | Orc:2    | Reached skill level 11 in Conjurations
 21747 | Orc:2    | Reached skill level 11 in Fire Magic
 22211 | Orc:2    | Found Wutiby's Antique Armour Boutique.
 22211 | Orc:2    | Found Niwon's Assorted Antiques.
 22213 | Orc:2    | Found Buykicw's Magic Scroll Boutique.
 22213 | Orc:2    | Found Wotod's Armour Shoppe.
 22221 | Orc:2    | Bought a scroll of identify for 28 gold pieces
 22221 | Orc:2    | Bought a scroll of teleportation for 42 gold pieces
 22221 | Orc:2    | Bought a scroll of identify for 28 gold pieces
 22221 | Orc:2    | Bought a scroll of summoning for 133 gold pieces
 22221 | Orc:2    | Bought a scroll of teleportation for 42 gold pieces
 22221 | Orc:2    | Bought a scroll of identify for 28 gold pieces
 22222 | Orc:2    | Identified the +3 hand axe "Goulato" {chop, Dex+6} (You found it on level 7 of the Dungeon)
 22227 | Orc:2    | Bought a murky silvery potion for 36 gold pieces
 22227 | Orc:2    | Bought a scroll of blinking for 307 gold pieces
 22227 | Orc:2    | Bought a scroll of teleportation for 123 gold pieces
 22227 | Orc:2    | Bought a glass wand for 164 gold pieces
 22230 | Orc:2    | Bought a scroll of magic mapping for 49 gold pieces
 22369 | Orc:1    | Bought a ration for 65 gold pieces
 22369 | Orc:1    | Bought a ration for 65 gold pieces
 22504 | D:13     | Reached skill level 10 in Fighting
 22556 | D:13     | Reached ***** piety under Vehumet
 22557 | D:13     | Offered knowledge of Conjure Ball Lightning by Vehumet.
 22722 | D:13     | Reached skill level 8 in Spellcasting
 23011 | D:13     | HP: 43/92 [centaur warrior/arrow (16)]
 23011 | D:13     | HP: 11/92 [centaur warrior/arrow (32)]
 23035 | D:13     | HP: 37/92 [centaur warrior/arrow (17)]
 23035 | D:13     | HP: 4/92 [centaur warrior/arrow (33)]
 23036 | D:13     | Shot with an arrow by a centaur warrior

Vanquished Creatures
  Fannar (D:10)
  3 hydras
  A centaur warrior (D:13)
  2 two-headed ogres (D:12)
  3 orc high priests (Orc:2)
  Urug (D:10)
  5 orc knights
  Pikel (D:8)
  2 ugly things
  3 orc sorcerers (Orc:2)
  A manticore (D:13)
  The ghost of theanonym the Firebug, a novice OpFE (D:6)
  Psyche (D:8)
  2 gargoyles
  A spiny frog (Lair:1)
  2 efreet
  4 trolls
  A hornet (D:8)
  Prince Ribbit (D:4)
  5 slime creatures (D:12)
  2 hippogriffs
  2 dream sheep (D:8)
  Sigmund (D:4)
  10 yaks
  The ghost of feelmyfire the Insei, an amateur DgTm (D:4)
  Menkaure (D:8)
  A warg (Orc:1)
  Edmund (D:4)
  Duvessa (D:5)
  2 water moccasins
  5 porcupines
  15 orc warriors
  2 sky beasts
  2 slaves (D:8)
  4 ice beasts
  2 eyes of draining
  2 phantoms
  7 ogres
  6 wolves
  9 centaurs
  4 crocodiles
  5 big kobolds
  11 bullfrogs
  A wyvern zombie (D:12)
  3 gnoll sergeants
  Dowan (D:5)
  A water moccasin zombie (D:7)
  2 scorpions
  7 killer bees
  4 wights (D:12)
  2 howler monkeys
  2 bullfrog zombies
  4 crimson imps
  3 jellies
  3 quasits
  A bullfrog skeleton (D:7)
  3 hounds
  15 orc priests
  Crazy Yiuf (D:5)
  14 orc wizards
  3 centaur skeletons
  A gnoll shaman (D:4)
  6 iguanas
  5 worker ants
  A hound skeleton (D:5)
  Robin (D:3)
  18 gnolls
  9 adders
  A shadow imp (D:9)
  An ooze (D:2)
  An adder zombie (D:5)
  3 worms
  2 dart slugs
  4 leopard geckos
  68 orcs
  3 ball pythons
  5 bats
  8 giant cockroaches
  12 hobgoblins
  9 jackals
  9 kobolds
  3 quokkas
  6 frilled lizards
  11 goblins
  6 rats
  A bush (D:11)
  A fungus (D:11)
  3 plants (D:11)
405 creatures vanquished.

Vanquished Creatures (collateral kills)
  The ghost of Haldmier the Nimble, a journeyman HaFE of Vehumet (D:12)
  A two-headed ogre (D:13)
  A deep elf mage (D:13)
  A hippogriff (D:13)
  2 yaks (D:13)
  An ogre (Orc:2)
  An orc priest (D:13)
  3 orcs
  A kobold (D:12)
12 creatures vanquished.

Vanquished Creatures (others)
  A slave (D:8)
  An orc wizard (Orc:2)
  3 fungi (D:11)
  7 plants
12 creatures vanquished.

Grand Total: 429 creatures vanquished

Table legend:
 A = Turns spent in this place as a percentage of turns spent in the entire game.
 B = Non-inter-level travel turns spent in this place as a percentage of non-inter-level travel turns spent in the entire game.
 C = Inter-level travel turns spent in this place as a percentage of turns spent in this place.
 D = Turns resting spent in this place as a percentage of non-inter-level travel turns spent in this place.
 E = Turns spent auto-exploring this place as a percentage of non-inter-level travel turns spent in this place.
 F = Non-inter-level travel turns spent in this place divided by the number of levels of this place that you've seen.
                   A       B       C       D       E      F
               +-------+-------+-------+-------+-------+----------------------
         Total | 100.0 | 100.0 |   7.1 |  42.6 |  40.2 | 1258.7
       Dungeon |  84.1 |  84.3 |   6.8 |  42.2 |  41.3 | 1388.2
        Temple |   0.8 |   0.6 |  30.6 |   0.0 |  96.3 | 134.0
          Lair |   0.1 |   0.1 |   0.0 |  10.0 |   0.0 |  20.0
  Orcish Mines |  15.0 |  14.9 |   7.4 |  47.1 |  31.8 | 1598.5
               +-------+-------+-------+-------+-------+----------------------
